 Dungeon Crawl Stone Soup version 0.31.0-32-g396128a36d (webtiles) character file.

Game seed: 8773135296373873965

2526 AdnanSaban the Basher (level 9, -3/56 HPs)
             Began as a Gargoyle Fighter on Apr 16, 2024.
             Was a Follower of Okawaru.
             Killed from afar by a steam dragon (14 damage)
             ... with a ball of steam
             ... on level 6 of the Dungeon.
             The game lasted 00:07:44 (5941 turns).

AdnanSaban the Basher (Gargoyle Fighter)            Turns: 5941, Time: 00:07:44

Health: -3/56      AC: 26    Str: 30    XL:     9   Next: 54%
Magic:  9/9        EV:  7    Int:  9    God:    Okawaru [*.....]
Gold:   339        SH:  9    Dex:  9    Spells: 8/8 levels left

rFire   . . .        a - +0 flail
rCold   . . .        F - +0 kite shield
rNeg    + . .        k - +0 plate armour
rPois   ∞            r - +0 helmet
rElec   +            z - +0 cloak
rCorr   .            (no gloves)
SInv    .            (no boots)
Will    .....        (no amulet) Stlth
                     n - +6 ring of strength
HPRegen 0.29/turn    w - +4 ring of protection
MPRegen 0.11/turn

%: no passive effects
@: no status effects
A: sickness immunity, AC +6, negative energy resistance 1, electricity
resistance, torment resistance 1, petrification resistance
a: Renounce Religion, Heroism


You were on level 6 of the Dungeon.
You worshipped Okawaru.
Okawaru was aware of your devotion.
You visited 2 branches of the dungeon, and saw 8 of its levels.

You collected 339 gold pieces.

Inventory:

Hand Weapons
 a - a +0 flail (weapon)
Missiles
 i - a throwing net (quivered)
Armour
 k - a +0 plate armour (worn)
 r - a +0 helmet (worn)
 z - a +0 cloak (worn)
 F - a +0 kite shield (worn)
Jewellery
 e - a ring of fire
 n - a +6 ring of strength (left hand)
 w - a +4 ring of protection (right hand)
Wands
 t - a wand of flame (21)
 u - a wand of iceblast (10)
 y - a wand of quicksilver (11)
Scrolls
 b - 3 scrolls of amnesia {unknown}
 f - 2 scrolls of fear {unknown}
 g - 3 scrolls of immolation {unknown}
 o - a scroll of silence {unknown}
 p - a scroll of enchant weapon {unknown}
 s - a scroll of fog {unknown}
 v - 2 scrolls of identify {unknown}
 A - a scroll of enchant armour {unknown}
 B - a scroll of teleportation {unknown}
Potions
 d - a potion of might
 h - a potion of resistance {unknown}
 j - a potion of berserk rage {unknown}
 l - a potion of degeneration {unknown}
 m - a potion of haste {unknown}
 q - a potion of curing {unknown}
 x - a potion of lignification {unknown}
 E - 2 potions of enlightenment {unknown}


   Skills:
 + Level 6.9 Fighting
 + Level 8.5 Maces & Flails
 + Level 6.8 Armour
 + Level 1.5 Dodging
 + Level 1.1 Stealth
 + Level 6.0 Shields
 * Level 1.1 Invocations


You had 8 spell levels left.
You didn't know any spells.
Your spell library contained the following spells:

 Spells                   Type           Power      Damage    Failure   Level
 Lesser Beckoning         Tloc           0%         N/A       100%        2
 Gell's Gravitas          Tloc           0%         N/A       100%        3
 Hailstorm                Conj/Ice       0%         3d5       100%        3
 Teleport Other           Tloc           0%         N/A       100%        3
 Cause Fear               Hex            0%         N/A       100%        4
 Fireball                 Conj/Fire      0%         3d3       100%        5
 Summon Ice Beast         Ice/Summ       Unusable   N/A       N/A         3
 Sculpt Simulacrum        Ice/Alch       Unusable   N/A       N/A         6
 Dragon's Call            Summ           Unusable   N/A       N/A         9

Dungeon Overview and Level Annotations

Branches:
Dungeon (7/15)             Temple (1/1) D:6

Altars:
Ashenzari
Cheibriados
Dithmenos
Elyvilon
Fedhas
Hepliaklqana
Kikubaaqudgha
Makhleb
Nemelex Xobeh
Okawaru
Qazlal
Ru
Trog
Uskayaw
Vehumet
Wu Jian
Xom
Yredelemnul
Zin
The Shining One

Shops:
D:3 *

Annotations:
D:5 1 runed translucent door
D:7 Joseph


Innate Abilities, Weirdness & Mutations

You are immune to sickness and miasma.
Your stone body is resilient. (AC +6)
You are immune to poison.
You resist negative energy. (rN+)
You are resistant to electric shocks. (rElec)
You are resistant to unholy torment.
You are immune to petrification.


Message History

You hit the steam dragon but do no damage.
The steam dragon is moderately wounded.
The steam dragon breathes steam at you.
The ball of steam hits you but does no damage.
You closely miss the steam dragon.
The steam dragon is moderately wounded.
You are engulfed in a cloud of scalding steam.
The steam dragon barely misses you.
The steam dragon claws you but does no damage.
You are too injured to fight recklessly!
The steam dragon closely misses you.
The steam dragon claws you but does no damage.
You hit the steam dragon but do no damage.
The steam dragon is moderately wounded.
You block the steam dragon's attack. x2; The steam dragon bites you.
You block the steam dragon's attack.
You closely miss the steam dragon.
The steam dragon is moderately wounded.
The steam dragon barely misses you. You block the steam dragon's attack.
You hit the steam dragon.
The steam dragon is heavily wounded.
You are engulfed in a cloud of scalding steam.
The steam dragon barely misses you. The steam dragon claws you.
* * * LOW HITPOINT WARNING * * *
You block the steam dragon's attack. x2
You closely miss the steam dragon.
The steam dragon is heavily wounded.
The steam dragon breathes steam at you.
The ball of steam hits you but does no damage.
You closely miss the steam dragon.
The steam dragon is heavily wounded.
You are engulfed in a cloud of scalding steam.
The steam dragon bites you.
* * * LOW HITPOINT WARNING * * *
The steam dragon claws you but does no damage.
The steam dragon attacks as it pursues you!
The steam dragon closely misses you. The steam dragon barely misses you.
The steam dragon breathes steam at you. The ball of steam hits you!
You die...

)..........##.#######
#..........##.>[†...#
#.##.......##†#####.#
..##.....).#.=.####.#
..##.......#.....##.#
...#.#######...#.##.#
.....# ##.##.##§#
.##### #....§D.#
.###### ####@####
..>...#### #.#
#####....#######.# #
####.......>.# #
########### # # #


You could see a steam dragon (catching breath).

Vanquished Creatures
  Grinder (D:6)
  The ghost of NikiYani the Magician, an amateur DEHW of Sif Muna (D:5)
  A steam dragon (D:6)
  Duvessa (D:4)
  2 ice beasts
  A sky beast (D:6)
  3 black bears
  A phantom (D:5)
  5 bullfrogs
  A gnoll sergeant (D:6)
  2 scorpions (D:5)
  Dowan (D:4)
  A bombardier beetle (D:5)
  4 hounds
  3 gnoll boudas
  An iguana (D:4)
  2 jellies
  Ijyb (D:4)
  3 sleepcaps
  An orc wizard (D:4)
  Robin (D:4)
  15 gnolls
  4 adders
  2 river rats (D:5)
  2 shadow imps
  A white imp (D:6)
  4 ufetubi
  A ribbon worm (D:4)
  2 dart slugs
  6 orcs
  9 ball pythons
  4 bats
  3 endoplasms (D:2)
  4 giant cockroaches
  16 goblins
  13 hobgoblins
  4 jackals (D:5)
  9 kobolds
  3 quokkas
  4 frilled lizards
  9 rats
152 creatures vanquished.

Notes
Turn   | Place    | Note
-------+----------+-------------------------------------------
     0 | D:1      | AdnanSaban the Gargoyle Fighter began the quest for the
                  | Orb.
     0 | D:1      | Reached XP level 1. HP: 14/14 MP: 1/1
    45 | D:1      | Reached XP level 2. HP: 12/19 MP: 2/2
   460 | D:1      | Reached XP level 3. HP: 21/23 MP: 3/3
   839 | D:2      | Identified the +1 robe of Loss {Dex+3}
  1132 | D:2      | Reached XP level 4. HP: 29/29 MP: 4/4
  1158 | D:2      | Reached skill level 3 in Maces & Flails
  1289 | D:2      | Found a sparkling altar of Nemelex Xobeh.
  1703 | D:3      | Found a shadowy altar of Dithmenos.
  1710 | D:3      | Found an ancient bone altar of Kikubaaqudgha.
  1764 | D:3      | Found Zin's Purification Station.
  1767 | D:3      | Found a glowing silver altar of Zin.
  1852 | D:4      | Noticed Robin
  1911 | D:4      | Killed Robin
  1963 | D:4      | Noticed Ijyb
  1982 | D:4      | Killed Ijyb
  1983 | D:4      | Reached XP level 5. HP: 28/33 MP: 5/5
  2260 | D:4      | Reached skill level 4 in Maces & Flails
  2419 | D:4      | Found a sacrificial altar of Ru.
  2435 | D:4      | Reached XP level 6. HP: 37/38 MP: 6/6
  2507 | D:4      | Noticed Duvessa
  2522 | D:4      | Noticed Dowan
  2683 | D:4      | Noticed a black bear
  2692 | D:4      | Killed a black bear
  2993 | D:5      | Entered Level 5 of the Dungeon
  3097 | D:5      | Found a broken altar of Ashenzari.
  3138 | D:5      | Reached skill level 5 in Maces & Flails
  3138 | D:5      | Reached XP level 7. HP: 40/44 MP: 7/7
  3293 | D:5      | Found a runed translucent door.
  3295 | D:5      | Noticed NikiYani's ghost (amateur DEHW)
  3329 | D:5      | Reached skill level 5 in Armour
  3329 | D:5      | Reached skill level 1 in Stealth
  3495 | D:5      | Reached skill level 6 in Maces & Flails
  3614 | D:5      | Reached skill level 1 in Dodging
  3616 | D:5      | Found a runed translucent door.
  3840 | D:5      | Reached skill level 5 in Fighting
  3840 | D:5      | Reached XP level 8. HP: 49/49 MP: 8/8
  4085 | D:5      | Killed NikiYani's ghost
  4086 | D:5      | Reached skill level 7 in Maces & Flails
  4210 | D:6      | Found a white marble altar of Elyvilon.
  4217 | D:6      | Found a staircase to the Ecumenical Temple.
  4247 | Temple   | Entered the Ecumenical Temple
  4257 | Temple   | Became a worshipper of Warmaster Okawaru
  4297 | D:6      | Found a blossoming altar of Fedhas.
  4312 | D:5      | Reached skill level 5 in Shields
  4641 | D:6      | Found a radiant altar of Vehumet.
  4641 | D:6      | Found a shimmering altar of Xom.
  4647 | D:6      | Noticed Grinder
  4648 | D:6      | Paralysed by Grinder for 3 turns
  4660 | D:6      | Paralysed by Grinder for 2 turns
  4668 | D:6      | Paralysed by Grinder for 3 turns
  4671 | D:6      | Killed Grinder
  4672 | D:6      | Reached XP level 9. HP: 47/55 MP: 9/9
  4714 | D:6      | Reached skill level 8 in Maces & Flails
  4902 | D:4      | Killed Dowan
  4935 | D:4      | Killed Duvessa
  4935 | D:4      | Reached * piety under Okawaru
  5183 | D:6      | Found a hide-covered altar of Uskayaw.
  5212 | D:6      | Found a bloodstained altar of Trog.
  5697 | D:7      | Noticed Joseph
  5853 | D:6      | Reached skill level 1 in Invocations
  5941 | D:6      | Killed from afar by a steam dragon

Illustrated notes

Levels and vault maps discovered:
D:1:      dreamdust_arrival_sigmund_warning, layout_rooms, serial_park_tiny_2
D:2:      kennysheep_six_static_rooms, layout_loops_ring, basic_altar,
          minmay_misc_feat_columns
D:3:      layout_basic, zin_purify, minitemple, hex_tiny, skrybe_limestone_x
D:4:      layout_basic, nicolae_ru_great_annihilating_truth, uniq_duvessa,
          uniq_robin, uniq_ijyb
D:5:      layout_loops_ring, mainiacjoe_overflow_alcove_1,
          ebering_ghost_sewer_f, minmay_crystal_room, roderic_serpentine_path,
          minmay_fountain_box, nicolae_goblin_pals
D:6:      layout_loops_cross, fedhas_altar_3, mainiacjoe_overflow_alcove_2,
          mainiacjoe_overflow_big_doors, nicolae_overflow_two_pavilions,
          minmay_temple_entry_stoned_glass, uniq_grinder
D:7:      minmay_angry_zag, layout_basic, st_stairs_11, minivault_19,
          uniq_joseph
Temple:   hellmonk_temple_rainy

Skill      XL: |  1  2  3  4  5  6  7  8  9 |
---------------+----------------------------+-----
Maces & Flails | 3 4 5 6 7 8 |  8.5
Fighting       | 4 5 6 |  6.9
Armour         | 4 5 6 |  6.8
Shields        | 4 5 6 |  6.0
Stealth        | 1 |  1.1
Dodging        | 1 |  1.5
Invocations    | 1 |  1.1

Action                     |  1- 3 |  4- 6 |  7- 9 || total
---------------------------+-------+-------+-------++-------
  Melee: Flail             |   142 |   160 |   350 ||   652
  Throw: Throwing net      |       |       |     2 ||     2
   Stab: Paralysed         |       |     3 |       ||     3
 Armour: Scale mail        |   101 |       |       ||   101
         Plate armour      |     8 |   132 |   342 ||   482
  Dodge: Dodged            |    70 |    59 |   132 ||   261
  Block: Buckler           |    33 |    31 |    75 ||   139
         Kite shield       |       |       |    50 ||    50
